 Dungeon Crawl Stone Soup version 0.27-a0-512-g57cc695410 (webtiles) character file.

Game seed: 1980658606474893039

296 dickylongcocking the Conjurer (level 6, 0/44 HPs)
             Began as a Gnoll Conjurer on Mar 3, 2021.
             Slain by a frilled lizard (1 damage)
             ... while paralysed by Grinder
             ... on level 3 of the Dungeon.
             The game lasted 00:03:02 (3317 turns).

dickylongcocking the Conjurer (Gnoll Conjurer)      Turns: 3317, Time: 00:03:03

Health: 0/44       AC:  2    Str:  6    XL:     6   Next: 34%
Magic:  18/23      EV:  2    Int: 19    God:
Gold:   114        SH:  0    Dex: 11    Spells: 12/15 levels left

rFire    . . .     SeeInvis .   k - +1 quarterstaff (pain)
rCold    . . .     Faith    .   (shield currently unavailable)
rNeg     . . .     Spirit   .   a - +0 robe
rPois    .         Reflect  .   (no helmet)
rElec    .         Harm     .   c - scarf {shadows}
rCorr    .         Rampage  .   (no gloves)
Will     .....                  (no boots)
Stlth    +++.......             (no amulet)
HPRegen  0.14/turn              l - ring of flight
MPRegen  0.18/turn              h - ring of magical power

@: paralysed, lethally poisoned (0 -> -9)
A: distributed training, fangs 1, strong nose
a: Evoke Flight


You were on level 3 of the Dungeon.
You visited 1 branch of the dungeon, and saw 4 of its levels.

You collected 114 gold pieces.

Inventory:

Hand Weapons
 d - a +0 whip
 k - a +1 quarterstaff of pain (weapon)
Armour
 a - a +0 robe (worn)
 c - a scarf of shadows (worn)
Jewellery
 g - a ring of ice
 h - a ring of magical power (right hand)
 l - a ring of flight (left hand)
Scrolls
 b - 2 scrolls of amnesia {unknown}
 e - 2 scrolls of teleportation {unknown}
 f - a scroll of identify {unknown}
 i - 2 scrolls of enchant armour {unknown}
 j - a scroll of magic mapping {unknown}
 m - 2 scrolls of immolation {unknown}
 n - a scroll of fear {unknown}
 o - a scroll of enchant weapon {unknown}


   Skills:
 + Level 1.9 Fighting
 + Level 1.9 Short Blades
 + Level 1.9 Long Blades
 + Level 1.9 Axes
 + Level 1.9 Maces & Flails
 + Level 1.9 Polearms
 + Level 1.9 Staves
 + Level 1.9 Slings
 + Level 1.9 Bows
 + Level 1.9 Crossbows
 + Level 1.9 Throwing
 + Level 1.9 Armour
 + Level 5.0 Dodging
 + Level 4.6 Stealth
 + Level 1.9 Shields
 + Level 1.9 Unarmed Combat
 + Level 5.3 Spellcasting
 + Level 7.3 Conjurations
 + Level 1.5 Hexes
 + Level 1.5 Summonings
 + Level 1.5 Necromancy
 + Level 1.5 Translocations
 + Level 1.5 Transmutations
 + Level 1.5 Fire Magic
 + Level 1.5 Ice Magic
 + Level 1.5 Air Magic
 + Level 1.5 Earth Magic
 + Level 1.5 Poison Magic
 + Level 2.1 Invocations
 + Level 1.9 Evocations


You had 12 spell levels left.
You knew the following spells:

 Your Spells              Type           Power        Failure   Level
a - Searing Ray           Conj           64%          1%          2
b - Magic Dart            Conj           100%         1%          1

Your spell library contained the following spells:

 Spells                   Type           Power        Failure   Level
 Dazzling Flash           Conj/Hex       42%          6%          3
 Fulminant Prism          Conj/Hex       10%          19%         4
 Iskenderun's Mystic Bla  Conj/Tloc      21%          19%         4


Dungeon Overview and Level Annotations

Branches:
Dungeon (4/15)
 Temple: D:4-7

Altars:
Qazlal
Xom

Annotations:
D:3 Grinder
D:4 Eustachio


Innate Abilities, Weirdness & Mutations

Your experience applies equally to all skills.
You have very sharp teeth.
Your uncanny sense of smell can sniff out nearby items.


Message History

The adder is severely wounded. (Press . to maintain the ray.)
The rat barely misses you. The adder bites you.
Casting: Searing Ray (safe; 1% risk of failure)
Confirm with . or Enter, or press ? or * to list all spells.
Aiming: Searing Ray (safe; 1% risk of failure)
Press: ? - help, Shift-Dir - straight line, f - Grinder, p - adder
Aim: Grinder, carrying a wand of random effects (16) (22% to evade)
The searing ray hits the rat!
You kill the rat!
The searing ray hits Grinder!
Grinder is moderately wounded. (Press . to maintain the ray.)
The adder bites you.
You are poisoned.
The adder poisons you! Grinder gestures at you.
You suddenly lose the ability to move!
You feel sick. The adder barely misses you. The frilled lizard bites you.
The adder bites you. Grinder gestures at you.
You shrug off the repeated paralysis!
You feel sick. The adder bites you.
The frilled lizard bites you but does no damage.
Grinder hits you. The adder bites you but does no damage.
The frilled lizard bites you. Grinder gestures at you.
You shrug off the repeated paralysis!
The adder bites you.
You are more poisoned.
The adder poisons you! The frilled lizard barely misses you.
The adder bites you. Grinder hits you!
* * * LOW HITPOINT WARNING * * *
You writhe in agony.
* * * LOW HITPOINT WARNING * * *
* * * LOW HITPOINT WARNING * * *
You feel sick. The adder bites you.
* * * LOW HITPOINT WARNING * * *
The frilled lizard bites you.
You die...

##'######. #.# #.#
.........# #.#
.........# #.#
.........# #.###
.........# #...#
.........# ##...#
......Sl.# .#...#
......5@.#
.#...############.#+###
.#.....##.............#
.#....................#
......................#
........................
......................##
......................#
......................#


You could see Grinder, an adder and a frilled lizard.

Vanquished Creatures
  An orc priest (D:3)
  Natasha (thrice) (D:3)
  An orc wizard (D:3)
  7 adders
  A river rat (D:3)
  6 worms (D:3)
  A dart slug (D:1)
  A leopard gecko (D:1)
  3 orcs (D:3)
  9 bats
  3 giant cockroaches
  3 goblins (D:1)
  8 hobgoblins
  8 jackals
  8 kobolds (D:1)
  A quokka (D:3)
  2 ball pythons
  3 frilled lizards
  11 rats
80 creatures vanquished.

Notes
Turn   | Place    | Note
-------+----------+-------------------------------------------
     0 | D:1      | dickylongcocking the Gnoll Conjurer began the quest for the
                  | Orb.
     0 | D:1      | Reached XP level 1. HP: 13/13 MP: 6/6
   244 | D:1      | Reached XP level 2. HP: 19/19 MP: 5/7
   649 | D:1      | Reached XP level 3. HP: 25/25 MP: 5/9
   688 | D:1      | Reached skill level 5 in Spellcasting
   900 | D:1      | Reached skill level 1 in Invocations
  1171 | D:1      | Learned a level 2 spell: Searing Ray
  1418 | D:2      | Reached skill level 1 in Fighting
  1418 | D:2      | Reached skill level 1 in Short Blades
  1418 | D:2      | Reached skill level 1 in Long Blades
  1418 | D:2      | Reached skill level 1 in Axes
  1418 | D:2      | Reached skill level 1 in Maces & Flails
  1418 | D:2      | Reached skill level 1 in Polearms
  1418 | D:2      | Reached skill level 1 in Staves
  1418 | D:2      | Reached skill level 1 in Slings
  1418 | D:2      | Reached skill level 1 in Bows
  1418 | D:2      | Reached skill level 1 in Crossbows
  1418 | D:2      | Reached skill level 1 in Throwing
  1418 | D:2      | Reached skill level 1 in Armour
  1418 | D:2      | Reached skill level 1 in Shields
  1418 | D:2      | Reached skill level 1 in Unarmed Combat
  1418 | D:2      | Reached skill level 1 in Evocations
  1418 | D:2      | Reached XP level 4. HP: 32/32 MP: 3/11
  1711 | D:2      | You fall into a shaft and drop 2 floors!
  1711 | D:4      | Found a stormy altar of Qazlal.
  1712 | D:4      | Noticed a water elemental
  1712 | D:4      | Noticed an earth elemental
  1712 | D:4      | Noticed an air elemental
  1712 | D:4      | Noticed a fire elemental
  1712 | D:4      | Noticed Eustachio
  1712 | D:4      | Noticed a phantom
  1905 | D:3      | Noticed Natasha
  1912 | D:3      | Killed Natasha
  1913 | D:3      | Reached skill level 1 in Hexes
  1913 | D:3      | Reached skill level 1 in Summonings
  1913 | D:3      | Reached skill level 1 in Necromancy
  1913 | D:3      | Reached skill level 1 in Translocations
  1913 | D:3      | Reached skill level 1 in Transmutations
  1913 | D:3      | Reached skill level 1 in Fire Magic
  1913 | D:3      | Reached skill level 1 in Ice Magic
  1913 | D:3      | Reached skill level 1 in Air Magic
  1913 | D:3      | Reached skill level 1 in Earth Magic
  1913 | D:3      | Reached skill level 1 in Poison Magic
  2021 | D:3      | Reached XP level 5. HP: 25/37 MP: 2/12
  2665 | D:3      | Noticed Natasha
  2669 | D:3      | Killed Natasha
  2670 | D:3      | Reached XP level 6. HP: 36/44 MP: 1/13
  3027 | D:3      | Noticed Natasha
  3034 | D:3      | Killed Natasha
  3035 | D:3      | Reached skill level 5 in Dodging
  3209 | D:3      | Found a shimmering altar of Xom.
  3305 | D:3      | Noticed Grinder
  3312 | D:3      | Paralysed by Grinder for 6 turns
  3317 | D:3      | HP: 1/44 [adder (2)]
  3317 | D:3      | Slain by a frilled lizard

Illustrated notes

Levels and vault maps discovered:
D:1:      minmay_arrival_three_doors, layout_rooms, minmay_misc_feat_rows
D:2:      layout_basic, chequers_serial_rivers_small_3, uniq_crazy_yiuf_cottage
D:3:      layout_basic, overflow_temple_1_default, lightli_sewer_entry_pipes,
          uniq_natasha, uniq_grinder
D:4:      layout_cave_pools, nicolae_qazlal_style_of_elements,
          ebering_dispersal_statue_hall, fedhas_altar_1, uniq_eustachio

Skill      XL: |  1  2  3  4  5  6 |
---------------+-------------------+-----
Spellcasting   | 5 |  5.3
Invocations    | 1 2 |  2.1
Fighting       | 1 |  1.9
Short Blades   | 1 |  1.9
Long Blades    | 1 |  1.9
Axes           | 1 |  1.9
Maces & Flails | 1 |  1.9
Polearms       | 1 |  1.9
Staves         | 1 |  1.9
Slings         | 1 |  1.9
Bows           | 1 |  1.9
Crossbows      | 1 |  1.9
Throwing       | 1 |  1.9
Armour         | 1 |  1.9
Shields        | 1 |  1.9
Unarmed Combat | 1 |  1.9
Evocations     | 1 |  1.9
Hexes          | 1 |  1.5
Summonings     | 1 |  1.5
Necromancy     | 1 |  1.5
Translocations | 1 |  1.5
Transmutations | 1 |  1.5
Fire Magic     | 1 |  1.5
Ice Magic      | 1 |  1.5
Air Magic      | 1 |  1.5
Earth Magic    | 1 |  1.5
Poison Magic   | 1 |  1.5
Dodging        | 5 |  5.0
Stealth        | |  4.6
Conjurations   | |  7.3

Action                   |  1- 3 |  4- 6 || total
-------------------------+-------+-------++-------
Melee: Whip              |     3 |    12 ||    15
       Quarterstaff      |       |    23 ||    23
       Bite              |       |     2 ||     2
 Cast: Magic Dart        |    67 |    14 ||    81
       Searing Ray       |     4 |    25 ||    29
Armor: Robe              |     6 |    12 ||    18
Dodge: Dodged            |    20 |    58 ||    78

Table legend: (Time is in decaauts)
 A = Elapsed time spent in this place.
 B = Non-inter-level travel time spent in this place.
 C = Inter-level travel time spent in this place.
 D = Time resting spent in this place.
 E = Time spent auto-exploring this place.
 F = Levels seen in this place.
 G = Mean time per level.
                   A        B        C        D        E       F      G
               +--------+--------+--------+--------+--------+-----+--------+
         Total |   3350 |   3329 |     21 |    577 |   2338 |   4 |  837.5 |
       Dungeon |   3350 |   3329 |     21 |    577 |   2338 |   4 |  837.5 |
               +--------+--------+--------+--------+--------+-----+--------+

Top non-repeatable levels by time:
     D:3: 1625 daAuts
     D:1: 1331 daAuts
     D:2: 378 daAuts
     D:4: 14 daAuts
